 Dungeon Crawl Stone Soup version 0.28.0-47-ge53b351184 (webtiles) character file.

Game seed: 9386216524528116104

49 boopmooplesden the Slasher (level 3, 0/34 HPs)
             Began as a Minotaur Berserker on Apr 26, 2022.
             Was a Believer of Trog.
             Slain by an orc
             ... wielding a +4 flail
              (6 damage)
             ... on level 3 of the Dungeon.
             The game lasted 00:01:28 (1616 turns).

boopmooplesden the Slasher (Minotaur Berserker)     Turns: 1616, Time: 00:01:29

Health: 0/34       AC:  8    Str: 21    XL:     3   Next: 51%
Magic:  2/2        EV:  8    Int:  4    God:    Trog [**....]
Gold:   82         SH:  0    Dex: 11    Spells: 2/2 levels left

rFire   . . .      SeeInvis .   a - +0 falchion
rCold   . . .      Faith    .   (no shield)
rNeg    . . .      Spirit   .   j - +0 chain mail
rPois   .          Reflect  .   (helmet restricted)
rElec   .          Harm     .   (no cloak)
rCorr   .          Rampage  .   (no gloves)
Will    .....                   (no boots)
Stlth   ..........              (no amulet)
HPRegen 0.11/turn               (no ring)
MPRegen 0.08/turn               (no ring)

@: no status effects
A: horns 2, retaliatory headbutt
a: Renounce Religion, Berserk, Trog's Hand


You were on level 3 of the Dungeon.
You worshipped Trog.
Trog was pleased with you.
You visited 1 branch of the dungeon, and saw 3 of its levels.

You collected 82 gold pieces.

Inventory:

Hand Weapons
 a - a +0 falchion (weapon)
Missiles
 n - a throwing net (quivered)
Armour
 b - a +0 animal skin
 j - a +0 chain mail (worn)
Scrolls
 c - 2 scrolls of teleportation {unknown}
 g - 3 scrolls of vulnerability {unknown}
 i - a scroll of identify {unknown}
 k - a scroll of enchant weapon {unknown}
 l - a scroll of noise {unknown}
 m - a scroll of blinking {unknown}
 o - a scroll of silence {unknown}
Potions
 d - a potion of heal wounds {unknown}
 e - a potion of haste {unknown}
 f - a potion of mutation {unknown}
 h - 2 potions of flight {unknown}


   Skills:
 + Level 4.4 Fighting
 + Level 4.5 Long Blades
 + Level 2.7 Armour
 + Level 2.6 Dodging
 + Level 0.1 Stealth


You had 2 spell levels left.
You didn't know any spells.
Your spell library was empty.

Dungeon Overview and Level Annotations

Branches:
Dungeon (3/15)

Altars:
Cheibriados


Innate Abilities, Weirdness & Mutations

You have a pair of horns on your head.
You reflexively headbutt those who attack you in melee.


Message History

You escape the ball python's grasp.
You hit the ball python but do no damage.
You headbutt the ball python.
You kill the ball python!
Trog accepts your kill.
You see here a ball python corpse.
HP restored. 2 orcs come into view.
The orc shouts!
The orc moves out of view.
An orc is nearby!
An orc is nearby!
An orc is nearby!
The orc shouts!
You see here a scroll labelled RUKHUK KIOTU.
o - a scroll labelled RUKHUK KIOTU A kobold comes into view.
It is wielding a +0 short sword.
The orc hits you with a +0 club.
You barely miss the orc. The orc hits you with a +0 club.
You slash the orc!
You kill the orc!
Trog accepts your kill. The orc hits you with a +4 flail.
The orc hits you from afar with a +0 trident.
You see here a +0 club.
You closely miss the orc.
The orc hits you from afar with a +0 trident.
The orc hits you but does no damage. The orc hits you with a +0 trident.
The orc hits you with a +4 flail!
* * * LOW HITPOINT WARNING * * *
You closely miss the orc. You headbutt the orc.
The orc is heavily wounded.
The orc barely misses you. You furiously retaliate!
You headbutt the orc!
You kill the orc!
Trog accepts your kill. The orc hits you with a +4 flail.
* * * LOW HITPOINT WARNING * * *
You hit the orc but do no damage. Your punch misses the orc.
The orc hits you with a +4 flail.
You die...

#.######.##.......#
##.######.##.#####.#
...........#.#
##.#...)...#>#
#.#.......#.#
#...........##
###.†........#
#..)....##.#
♣...♣@o..# ...
♣♣.♣♣♣).$# ##
♣...♣..#.#
..o♣...♣...#
♣♣.♣♣♣.♣ ♣..# o. ..
..# K.♣ ..♣ ♣.# ♣.♣
♣# ..


You could see an orc.

Vanquished Creatures
  An adder (D:2)
  A dart slug (D:2)
  3 orcs (D:3)
  5 ball pythons
  3 endoplasms
  7 hobgoblins
  A kobold (D:1)
  A quokka (D:2)
  2 bats (D:1)
  3 frilled lizards (D:2)
  3 goblins (D:1)
  2 rats (D:1)
32 creatures vanquished.

Notes
Turn   | Place    | Note
-------+----------+-------------------------------------------
     0 | D:1      | boopmooplesden the Minotaur Berserker began the quest for
                  | the Orb.
     0 | D:1      | Reached XP level 1. HP: 19/19 MP: 0/0
   185 | D:1      | Found a faded altar of an unknown god.
   311 | D:1      | Reached XP level 2. HP: 27/27 MP: 1/1
   926 | D:2      | Reached ** piety under Trog
   992 | D:2      | Found a snail-covered altar of Cheibriados.
  1002 | D:2      | Reached XP level 3. HP: 30/33 MP: 2/2
  1616 | D:3      | Slain by an orc

Illustrated notes

Levels and vault maps discovered:
D:1:      dpeg_arrival_rhombi, layout_loops_ring, basic_ecumenical_altar
D:2:      layout_loops_ring, basic_altar
D:3:      layout_loops_ring, kennysheep_doodads

Skill      XL: |  1  2 |
---------------+-------+-----
Long Blades    | 4 |  4.5
Fighting       | 4 |  4.4
Armour         | |  2.7
Dodging        | |  2.6
Stealth        | |  0.1

Action                   || total
-------------------------++-------
Melee: Falchion          ||    55
       Headbutt          ||     6
Armor: Animal skin       ||     3
       Chain mail        ||     8
Dodge: Dodged            ||    33
